Map: Ley Lines

Players

Casey - Winner!

  • Race: Terran Terran
  • League: Grandmaster

电脑难度(专家)

  • Race: Protoss Protoss

VOD

Have the link to the VOD?

Description

Time

  • Played on: Nov. 2, 2025, 6:33 a.m.
  • Length: 5:46
Show
View Real Time Build Order
Export as new Build Order

Casey Terran - Winner!

Build Orders: 1/1/1, Widow Mine Drop 

Get SALT Encoding   

  12  0:00  SCV  
  13  0:12  SCV  
  14  0:17  Supply Depot  
  14  0:24  SCV  
  15  0:38  SCV  
  15  0:39  Barracks  
  15  0:42  Refinery  
  16  0:50  SCV  
  16  0:52  Refinery  
  17  1:03  SCV  
  18  1:15  SCV  
  19  1:25  Marine  
  19  1:27  Orbital Command  
  19  1:32  Factory  
  20  1:39  Supply Depot  
  20  1:46  Barracks Reactor  
  20  1:52  SCV  
  21  2:04  SCV  
  22  2:17  SCV, Widow Mine, Starport  
  22  2:22  Marine x2, Supply Depot  
  26  2:29  SCV  
  28  2:38  Factory Tech Lab  
  28  2:40  Marine x2  
  28  2:41  SCV  
  31  2:54  Supply Depot, Medivac  
  31  2:58  Siege Tank  
  36  3:01  Marine  
  36  3:03  Marine  
  38  3:19  Marine  
  39  3:21  Marine  
  39  3:23  Viking  
  42  3:30  Siege Tank  
  42  3:31  Supply Depot  
  45  3:37  Marine  
  45  3:39  Marine  
  47  3:53  Supply Depot, Viking  
  47  3:55  Marine  
  50  3:57  Marine  
  51  4:08  Siege Tank  
  53  4:12  Marine  
  53  4:15  Marine  
  54  4:20  Supply Depot  
  54  4:23  Viking  
  56  4:26  SCV  
  56  4:30  Marine  
  58  4:33  Marine  
  59  4:39  SCV  
  59  4:42  Supply Depot  
  57  4:48  Marine  
  57  4:49  Siege Tank  
  57  4:50  Marine  
  60  5:00  Viking  
  60  5:06  Marine  
  63  5:08  Marine  
  64  5:24  Marine  
  64  5:25  Supply Depot  
  64  5:26  Marine  
Show
View Real Time Build Order
Export as new Build Order

电脑难度(专家) Protoss 

Build Orders: 1 Gate Expand 

Get SALT Encoding   

  12  0:00  Probe  
  13  0:13  Probe  
  14  0:19  Pylon  
  14  0:25  Probe  
  15  0:33  Probe  
  15  0:41  Probe  
  16  0:47  Assimilator  
  17  0:51  Gateway, Probe  
  18  0:59  Pylon  
  18  1:00  Probe  
  19  1:08  Probe  
  19  1:18  Probe  
  21  1:30  Probe  
  22  1:39  Nexus  
  22  1:42  Probe  
  22  1:44  Zealot  
  25  2:00  Cybernetics Core  
  25  2:07  Gateway  
  25  2:13  Zealot  
  25  2:14  Pylon  
  25  2:21  Probe  
  28  2:28  Warp Gate  
  28  2:32  Assimilator  
  28  2:33  Probe  
  29  2:40  Adept  
  31  2:45  Probe  
  31  2:49  Adept  
  32  2:51  Probe  
  32  2:57  Pylon  
  35  3:02  Probe  
  35  3:04  Probe  
  36  3:10  Adept  
  38  3:13  Sentry  
  40  3:23  Robotics Facility  
  40  3:30  Stalker  
  40  3:38  Forge  
  42  3:53  Probe  
  43  3:56  Probe  
  41  4:05  Probe  
  41  4:06  Probe  
  35  4:11  Observer  
  35  4:14  Probe  
  28  4:17  Probe  
  28  4:18  Photon Cannon  
  28  4:20  Photon Cannon  
  28  4:22  Probe  
  30  4:29  Probe  
  32  4:34  Probe  
  32  4:42  Probe  
  29  4:46  Probe  
  29  4:49  Zealot  
  24  4:54  Probe  
  24  4:59  Probe  
  26  5:06  Probe  
  25  5:11  Probe  
  26  5:16  Stalker  
  26  5:38  Twilight Council  
Tags
 
Add a new tag
Caveats
  • Supply blocks, unpowered buildings, or Contaminate may cause inaccurate times.
  • Supply counts are checked every 10 seconds.